 Dungeon Crawl Stone Soup version 0.31.0-11-ge490571c62 (webtiles) character file.

Game seed: 13342860944774015911

79 sanka the Insei (level 4, -4/32 HPs)
             Began as a Merfolk Shapeshifter on Feb 2, 2024.
             Slain by a gnoll
             ... wielding a +0 spear
              (8 damage)
             ... on level 3 of the Dungeon.
             The game lasted 00:02:35 (1768 turns).

sanka the Insei (Merfolk Shapeshifter)              Turns: 1768, Time: 00:02:35

Health: -4/32      AC:  2    Str: 14    XL:     4   Next: 37%
Magic:  4/4        EV: 12    Int:  9    God:
Gold:   128        SH:  0    Dex: 15    Spells: 3/3 levels left

rFire   . .          .
                       - Unarmed
rCold   . . .        (no shield)
rNeg    . . .        a - +0 animal skin
rPois   .            (helmet currently unavailable)
rElec   .            (cloak currently unavailable)
rCorr   .            (gloves currently unavailable)
SInv    .            (boots currently unavailable)
Will    .....        (no amulet)
Stlth   +            (no ring)
HPRegen 0.25/turn    (no ring)
MPRegen 0.09/turn

%: no passive effects
@: beast-form
A: beast (slay +2), (nimble swimmer 2), mertail
a: Begin Untransformation


You were on level 3 of the Dungeon.
You were a hulking beast.
You visited 1 branch of the dungeon, and saw 3 of its levels.

You collected 128 gold pieces.


Innate Abilities, Weirdness & Mutations

You are a hulking beast.
Your limbs bulge with bestial killing power. (Slay +2)
((You are very nimble when in or above water. (Stealth+, EV+, Speed+++)))
Your lower body shifts to a powerful aquatic tail in water.


   Skills:
 - Level 1.1 Fighting
 - Level 2.6 Dodging
 + Level 5.3 Unarmed Combat
 - Level 4.3 Shapeshifting


You had 3 spell levels left.
You didn't know any spells.
Your spell library contained the following spells:

 Spells                   Type           Power      Damage    Failure   Level
 Apportation              Tloc           0%         N/A       38%         1
 Jinxbite                 Hex            0%         N/A       52%         2
 Alistair's Intoxication  Alch           0%         N/A       100%        5

Inventory:

Armour
 a - a +0 animal skin (worn)
Jewellery
 o - a ring of ice
Talismans
 c - a beast talisman
 d - a flux talisman
Scrolls
 e - a scroll of fog {unknown}
 f - 2 scrolls of enchant weapon {unknown}
 g - a scroll of summoning {unknown}
 i - a scroll of torment {unknown}
 j - 2 scrolls of teleportation {unknown}
 k - a scroll of blinking {unknown}
 m - a scroll of acquirement {unknown}
 n - a scroll of identify {unknown}
Potions
 b - a potion of lignification {!q}
 h - a potion of ambrosia {unknown}
 l - a potion of curing {unknown}

Dungeon Overview and Level Annotations

Branches:
Dungeon (3/15)

Altars:

Shops:
D:1

= ▒g ▒..▒ ▒g ▒..▒ ▒.
▒..▒ ▒g▒▒▒▒▒▒▒▒▒▒▒
▒..▒ ▒....g..g..g▒
▒..▒ ▒▒▒▒▒▒▒▒▒▒▒g▒
▒..▒ ▒)▒ ▒..▒
.▒▒▒▒▒▒▒.▒▒▒▒▒▒▒▒▒..▒
.........g.h........▒
.▒▒▒▒▒▒▒.▒▒▒▒▒▒▒▒▒▒.▒
▒.▒ ▒.▒ ▒.▒ ▒.▒ ▒.▒
▒.▒ ▒.▒▒▒▒▒▒▒▒▒▒.▒
▒............▒
▒▒▒▒▒▒▒▒▒▒▒▒▒▒


You could see a gnoll.


Message History

The gnoll hits you with a +0 spear!
Things that are here:
a +0 dagger; a goblin corpse Unknown command.
You hit the gnoll.
The gnoll is moderately wounded.
The gnoll hits you from afar with a +0 spear.
The gnoll barely misses you.
You hit the gnoll.
The gnoll is severely wounded.
The gnoll hits you from afar with a +0 spear.
The gnoll closely misses you.
You hit the gnoll.
The gnoll is almost dead.
The gnoll closely misses you. The gnoll hits you with a +0 spear.
* * * LOW HITPOINT WARNING * * *
You closely miss the gnoll.
The gnoll is almost dead.
The gnoll closely misses you. The gnoll hits you with a +0 spear.
* * * LOW HITPOINT WARNING * * *
You closely miss the gnoll.
The gnoll is almost dead.
The gnoll hits you from afar with a +0 spear.
* * * LOW HITPOINT WARNING * * *
Unknown command.
The gnoll barely misses you.
The gnoll hits you from afar with a +0 spear!
You die...

Action                     |  1- 3 |  4- 6 || total
---------------------------+-------+-------++-------
  Melee: Unarmed           |    83 |    24 ||   107
         Punch             |     2 |       ||     2
   Stab: Sleeping          |     1 |       ||     1
 Armour: Animal skin       |    35 |    19 ||    54
  Dodge: Dodged            |    57 |    13 ||    70

Levels and vault maps discovered:
D:1:      spicycebolla_arrival_clurvy, layout_loops_ring,
          shapermc_ecumenical_altar_pompeii, nicolae_shop_unique_rings,
          minmay_tetromino_i4
D:2:      minmay_spotlight, layout_loops_ring, nrook_campfire
D:3:      layout_basic, serial_park_tiny_1, uniq_sigmund

Notes
Turn   | Place    | Note
-------+----------+-------------------------------------------
     0 | D:1      | sanka the Merfolk Shapeshifter began the quest for the Orb.
     0 | D:1      | Reached XP level 1. HP: 15/15 MP: 1/1
    66 | D:1      | Found a faded altar of an unknown god.
   263 | D:1      | Reached XP level 2. HP: 21/21 MP: 2/2
   471 | D:1      | Found Cow Doshra's One-of-a-Kind Rings.
   504 | D:1      | Reached skill level 4 in Unarmed Combat
   819 | D:2      | Reached XP level 3. HP: 17/26 MP: 3/3
  1180 | D:2      | Reached skill level 5 in Unarmed Combat
  1180 | D:2      | Reached XP level 4. HP: 32/32 MP: 4/4
  1764 | D:3      | HP: 3/32 [gnoll/+0 spear (4)]
  1768 | D:3      | Slain by a gnoll

Vanquished Creatures
  3 adders (D:2)
  3 dart slugs (D:2)
  A ribbon worm (D:2)
  2 ball pythons
  4 bats
  5 endoplasms
  A giant cockroach (D:1)
  7 goblins
  3 hobgoblins
  3 kobolds
  A quokka (D:2)
  8 frilled lizards
  2 rats (D:2)
43 creatures vanquished.
